Zazza, neutral female human Tourist ----- ----- # |...| ----------- |...| ------- ##....-# |..........#####------- #+...| ##......| # -----# |.........| #.......#######|...| # |.....| ### # # |.........| ###|.....| # #..!..##B@k##f.....| # # |.........| # #|.....| #####|...| ###-----.- # # |.........|### #|.....| # # #----- # # # # |.........|# #|...>..##### ########### # # # -----------# #------- # # # ### # ### ########### # # #------ # ### ## # #-....| # # ----|----------# ###|.|..| # # |.............|# # #-....| ## # |..............# ### |....| ---.-# |.............| # |....| |....# |.<(...........#### ------ |..#| --------------- # ----- # Zazza the Rambler Experience level: 1 Strength: 11 Dexterity: 8 Constitution: 18 Intelligence: 12 Wisdom: 8 Charisma: 18 Health: 0(10) Energy: 2(2) Def: 0 Gold: 16 Moves: 1190 Dungeon seed: MWMi0qKdmJeS1IW4 Game ID: Zazza_1599063271 Your Inventory: Coins $ - 16 gold pieces Weapons a - 30 +2 darts (in quiver) q - a +0 fauchard Armor e - an uncursed +0 Hawaiian shirt (being worn) Comestibles b - 2 uncursed slime molds c - 3 uncursed eggs f - 8 uncursed food rations Scrolls i - 3 uncursed scrolls of magic mapping Spellbooks t - an uncursed spellbook of identify Potions h - 2 uncursed potions of extra healing m - an uncursed potion of sleeping o - an uncursed potion of fruit juice p - an uncursed potion of paralysis Rings s - an uncursed ring of free action (on left hand) Tools j - an expensive camera (0:57) k - an uncursed credit card u - a bag of tricks (0:16) Gems n - an uncursed worthless piece of violet glass Spells and supernatural/magical abilities: Name Level Category Fail Memory I - identify 3 divination 100% 100% W - pray for help -- divine ? -- Your skills at the end: Fighting Skills Weapon Skills dart [Basic] Spellcasting Skills Final Attributes: You were stridently aligned. You had free action. You were lucky. You are dead. Vanquished creatures: a green mold 5 jackals a kobold 2 goblins 6 grid bugs 2 lichens a kobold zombie a newt 19 creatures vanquished. Voluntary challenges: You were vegetarian. You were an atheist. You never hit with a wielded weapon. You read items or engraved 13 times, starting on turn 991. You never genocided any monsters. You never polymorphed an object. You never changed form. You used no wishes. You never split a pudding. You never wrote Elbereth's name. You never violated your personal moral code. Dungeon overview: The Dungeons of Doom: levels 1 to 3 Level 1 a long staircase Level 2 a jewelry store, an altar to Offler, a fountain Level 3 <- You were here a sink History has recorded: On T:1 you entered the Dungeons of Doom to retrieve the Amulet of Yendor! On T:319 you reached level 2 of The Dungeons of Doom. On T:979 you reached level 3 of The Dungeons of Doom. Score breakdown: Gold: 0 ( 0 points) Experience: 1 level ( 0 points) Exploration: 3 levels ( 6.52%) ( 6324 points) Discoveries: 2 items ( 0.67%) ( 2457 points) Valuables value: (no points given unless you survive) Artifact value: 0 ( 0 points) Variety of kills: 8 monsters ( 2.10%) ( 4347 points) Turncount: 1190 turns ( 0 points) Survival: died (score multiplied by 80%) Total score: 10502 Latest messages: Armand eats a tripe ration. You displace Armand. There is nothing here to pick up. You displace Armand. You hear a gurgling noise. As you read the scroll, it disappears. A map coalesces in your mind! You hear a gurgling noise. The door opens. You see here a bag. You carefully open the bag... It develops a huge set of teeth and bites you! u - a bag of tricks. You see here a food ration. f - an uncursed food ration. The grid bug bites Armand. Armand gets zapped! Armand bites the grid bug. The grid bug misses Armand. You hear some noises. The bat bites! You hit the bat. The bat bites! (2x) You die... Final status: Aloha Zazza the Tourist, killed by a bat... You died in The Dungeons of Doom on dungeon level 3 with 10502 points, and 16 pieces of gold, after 1190 moves. You were level 1 with a maximum of 10 hit points when you died.